 Dungeon Crawl Stone Soup version 0.30-a0-777-ga9a30cbeda (console) character file.

Game seed: 16793036672899170277

29 rlgrobin the Chopper (level 3, -13/31 HPs)
             Began as a Meteoran Fighter on Feb 15, 2023.
             Mangled by an ogre
             ... wielding a +0 giant club
              (26 damage)
             ... on level 4 of the Dungeon.
             The game lasted 00:00:44 (112 turns).

rlgrobin the Chopper (Meteoran Fighter)              Turns: 112, Time: 00:00:44

Health: -13/31     AC:  6    Str: 20    XL:     3   Next: 52%
Magic:  4/4        EV:  9    Int:  9    God:
Gold:   30         SH:  5    Dex: 13    Spells: 2/2 levels left

rFire   . . .      SeeInvis .    a - +0 war axe
rCold   . . .      Faith    .    c - +0 buckler
rNeg    . . .      Spirit   .    b - +0 scale mail
rPois   .          Reflect  .    (no helmet)
rElec   .          Harm     .    (no cloak)
rCorr   .          Rampage  .    (no gloves)
Will    .....                    (no boots) Stlth
                                 (no amulet)
HPRegen 0.25/turn                (no ring)
MPRegen 0.09/turn                (no ring)

@: mighty, glowing
A: sense surroundings 1, otherworldly, glowing, explore regen
a: no special abilities


You were on level 4 of the Dungeon.
You visited 1 branch of the dungeon, and saw 4 of its levels.

You collected 30 gold pieces.

Inventory:

Hand Weapons
 a - a +0 war axe (weapon)
Armour
 b - a +0 scale mail (worn)
 c - a +0 buckler (worn)
Scrolls
 g - a scroll of fear {unknown}
 h - a scroll of magic mapping {unknown}
Potions
 f - a potion of heal wounds {unknown}
 i - a potion of brilliance {unknown}
 j - a potion of berserk rage {unknown}


   Skills:
 - Level 3.2 Fighting
 + Level 4.3 Axes
 - Level 3.6 Armour
 - Level 3.6 Shields


You had 2 spell levels left.
You didn't know any spells.
Your spell library was empty.

Dungeon Overview and Level Annotations

Branches:
Dungeon (4/15) Zot: 2283
 Temple: D:4-7

Altars:


Innate Abilities, Weirdness & Mutations

You passively map a small area around you.
You are easily found by Zot.
You glow in the dark.
You regain HP and MP as you explore.


Message History

Found a ring mail.
An iguana comes into view.
The iguana hisses angrily.
An ogre comes into view. It is wielding a +0 giant club.
You feel very mighty all of a sudden.
You closely miss the iguana. The iguana barely misses you.
You barely miss the iguana. The iguana bites you. The iguana barely misses you.
You hit the iguana.
The iguana is moderately wounded.
You block the iguana's attack.
You barely miss the iguana.
The iguana is moderately wounded.
You block the iguana's attack. The iguana bites you.
You barely miss the iguana.
The iguana is moderately wounded.
The iguana bites you but does no damage.
You hit the iguana.
The iguana is moderately wounded.
You block the iguana's attack.
You hit the iguana.
The iguana is heavily wounded.
The iguana bites you but does no damage.
The iguana bites you.
You closely miss the iguana.
The iguana is heavily wounded.
The iguana bites you.
* * * LOW HITPOINT WARNING * * *
You slash the iguana!
You kill the iguana!
Your Axes skill gained 2 levels and is now at level 4!
You have reached level 2!
You have reached level 3!
Your experience leads to an increase in your attributes!
Increase (S)trength, (I)ntelligence, or (D)exterity?
You feel stronger. x3
It was a potion of curing.
You feel better.
You closely miss the ogre.
The ogre hits you with a +0 giant club!!
Ouch! That really hurt!
You die...

, ... .....## *#.
#.# *#....## #. #.#
##.....## #. #.#
#.......# #. #.#
#.......# ##.##[#
#.......#
####.....####....<##
#................##
#............O@###
#..#..#####....# #.
#...........# *
#l######..#.# , ..,,
#..#.# .#O #..#.#
*..# , .....# #.
....### **, * #.##


You could see an ogre.

Vanquished Creatures
  An iguana (D:4)
  A hobgoblin (D:4)
  A frilled lizard (D:3)
3 creatures vanquished.

Notes
Turn   | Place    | Note
-------+----------+-------------------------------------------
     0 | D:1      | rlgrobin the Meteoran Fighter began the quest for the Orb.
     0 | D:1      | Reached XP level 1. HP: 19/19 MP: 2/2
    89 | D:4      | Noticed an iguana
    90 | D:4      | Noticed an ogre
   109 | D:4      | Killed an iguana
   110 | D:4      | Reached skill level 4 in Axes
   110 | D:4      | Reached XP level 2. HP: 5/26 MP: 3/3
   110 | D:4      | Reached XP level 3. HP: 6/31 MP: 4/4
   112 | D:4      | Mangled by an ogre

Illustrated notes

Levels and vault maps discovered:
D:1:      lightli_molten_gateway, layout_basic,
          shapermc_ecumenical_altar_flowoftime, nicolae_shop_unique_rings
D:2:      layout_basic
D:3:      cheibrodos_fertilizer, layout_rooms, hangedman_decor_riveting,
          dreamdust_wishing_well
D:4:      layout_loops_ring

Skill      XL: |  1 |
---------------+----+-----
Axes           | 4 |  4.3
Fighting       | |  3.2
Armour         | |  3.6
Shields        | |  3.6

Action                     || total
---------------------------++-------
  Melee: War axe           ||    12
    Use: Potion            ||     2
 Armour: Scale mail        ||     3
  Dodge: Dodged            ||     2
  Block: Buckler           ||     3

Table legend: (Time is in decaauts)
 A = Elapsed time spent in this place.
 B = Non-inter-level travel time spent in this place.
 C = Inter-level travel time spent in this place.
 D = Time resting spent in this place.
 E = Time spent auto-exploring this place.
 F = Levels seen in this place.
 G = Mean time per level.
                   A        B        C        D        E       F      G
               +--------+--------+--------+--------+--------+-----+--------+
         Total |    115 |    115 |      0 |      0 |      0 |   4 |   28.8 |
       Dungeon |    115 |    115 |      0 |      0 |      0 |   4 |   28.8 |
               +--------+--------+--------+--------+--------+-----+--------+

Top non-repeatable levels by time:
     D:3: 52 daAuts
     D:4: 46 daAuts
     D:2: 13 daAuts
     D:1: 3 daAuts
